monkhack, neutral male human Monk ------------------ ----------- --------------------- --|......|.........| |.........| |.....|.....|.......| |*-..|.|.---.-.---.--- |...-----.---.---.|...{.|.---.|.| --------- |-|..|.|...|.....|...| |...[.|...........|.|...^.....|.| |.|*....| |(-..|.---.-----.|.-.|---- -------.|^-------.---^..|.|...--|.| ---.|[---.--- --|..|...|.......|...|...| |.......|.|.....*.....|.|.|...|.|.| |.....| |...| ---------.|--.-----.---...|----.-.---.|-..---------.|-|...|*|.--|.-------.|.| |.......|.|.....|...|.....|...%.......|...^.....|...| |...|.|...|.|...|...|.| |.|.---.|.|.....|.-.|.|...|.-.--------|.........|.-------.|.---.---.|.-----.| |.|...|...|..[..|.....|........#|....*|...O<....-.|.......|...|.....|.......| |.---.----|.....|------.......--|.----|..e@..[..|.|.---.--|.|.|.-----------.| |...|....)|.....|...............|.....|.........|.|.|...| |.|.....|.|.-...|.| |--.|----.---.---.|.......---.-------.|----.----|.|.|.--- |.-----.|.|-|...-.| |^|.|...|*....|...|.........|..#|.....|.......|.|.|.|.| |...|.....|"-...|.| |.|.|.|.---.|.|.-----.-...|.|.---.-----.-.---.|.|...|.| ---.|.----------|.| |.|...|...|.|..*|...|.....|.|.....|.....|...|...|.|.|.| |.|...|.*.....|[| |.-----.....|.-----.------|.---...|.---.|.|.......|.|-- |.-----.-----.|.| |.........|...........| |...........|...|.........| |...........|...| ----------------------- --------------------------- ----------------- monkhack the Student of Stones Experience level: 11 Strength: 18 Dexterity: 18 Constitution: 16 Intelligence: 8 Wisdom: 16 Charisma: 9 Health: 0(79) Energy: 73(73) AC: -2 Gold: 41 Moves: 14539 Your Inventory: Coins $ - 41 gold pieces Armor a - an uncursed burnt +2 pair of leather gloves (being worn) b - a blessed +1 robe (being worn) v - an [uncursed +0] dwarvish cloak w - a blessed +0 elven leather helm [of stealth] (being worn) C - an uncursed +0 pair of boots called jungle (elven?) [elven] (being worn) P - an uncursed +0 dwarvish cloak [of searching] T - a [cursed -2] mummy wrapping [of brilliance] Comestibles g - 7 uncursed apples h - 7 uncursed oranges i - 6 uncursed fortune cookies o - an uncursed tripe ration p - an uncursed lizard corpse H - an uncursed sprig of wolfsbane Y - 2 uncursed food rations Scrolls n - an [uncursed] scroll of create monster Wands e - an uncursed wand of fire [0:6] l - an uncursed wand of teleportation [0:3] s - an uncursed wand of polymorph [0:3] A - an uncursed wand of sleep [0:3] D - an [uncursed] wand of undead turning [0:4] Tools d - an uncursed [+0] pick-axe k - an uncursed key [skeleton key] B - an uncursed sack M - an uncursed [magic] lamp called magic (lit) O - an uncursed towel Gems m - an [uncursed] violet gem [amethyst] r - an [uncursed] green gem [jade] u - an [uncursed] white gem [diamond] Contents of the sack: 622 gold pieces a blessed +1 dwarvish cloak an [uncursed] scroll called hackem 60/80 [of enchant armor] 3 [uncursed] scrolls labeled ANDOVA BEGARIN [of flood] a [cursed] scroll labeled VERR YED HORRE [of remove curse] an [uncursed] scroll of teleportation an [uncursed] charcoal spellbook [of restore ability] an [uncursed] dark spellbook [of sleep] an [uncursed] silver spellbook [of cause fear] an [uncursed] spellbook called rainbow 3 [of haste self] an [uncursed] yellow spellbook [of cure sickness] 2 [uncursed] potions of healing an [uncursed] potion of invisibility an uncursed wand of digging [0:2] an uncursed wand of light [0:12] an [uncursed] blue gem [worthless glass] an [uncursed] green gem [emerald] 2 [uncursed] orange gems [worthless glass] an [uncursed] red gem [ruby] an [uncursed] stone called luck/flint? [luckstone] an [uncursed] violet gem [worthless glass] an [uncursed] violet gem [amethyst] 2 [uncursed] white gems [diamond] Spells known in the end: Name Level Category Fail Memory a - protection 1 clerical 0% [|||.....] Your skills at the end: Fighting Skills martial arts [Expert] Weapon Skills Spellcasting Skills healing spells [Basic] clerical spells [Basic] Final Attributes: You were piously aligned. Hunger level was 61. Your alignment was 82 / 82. Monster difficulty range was 2 - 12. Level difficulty was 13. You were immune to fire. You resisted cold. You were immune to sleep. You were immune to poison. You saw invisible. You were telepathic. You were warned. You had automatic searching. You were stealthy. You were protected. You were fast. Your luck was zero. You are dead. Vanquished creatures: a titan a minotaur a vampire 2 giant mimics a wumpus 2 earth elementals a black naga 2 xorns a giant zombie a small mimic 2 ettin mummies 2 quantum mechanics a wood golem a gelatinous cube 2 freezing spheres a flaming sphere a tiger a gargoyle a mountain centaur 3 stone giants an elf mummy 2 human mummies a red naga a python 3 ettin zombies an incubus a quivering blob a cockatrice 4 wolves 2 winter wolf cubs 2 lynxes 2 panthers a gremlin 5 leprechauns an orc-captain 2 iron piercers 4 giant spiders a scorpion an ice vortex 2 vampire bats a forest centaur 2 gnome kings an orc mummy 2 dwarf mummies 4 ogres a brown pudding an owlbear a gold golem a Green-elf 2 lizards 3 chickatrices 3 dingos 2 jaguars 5 dwarf lords a blue jelly 2 dust vortices a raven 3 plains centaurs 2 gnome mummies a snake an ape 2 human zombies 9 Woodland-elves 2 snow ants 8 bugbears 3 imps a quasit a wood nymph a water nymph 2 mountain nymphs 9 Mordor orcs an orc shaman 4 rock piercers 4 enormous rats 2 rock moles a fog cloud 4 yellow lights 4 shriekers 2 violet fungi 16 gnome lords 6 gnomish wizards a red naga hatchling a gray ooze an elf zombie a ghoul a straw golem a baby crocodile 9 giant ants 2 little dogs 3 floating eyes 2 kittens 18 dwarves a homunculus a kobold lord 2 kobold shamans 12 hill orcs 6 rothes a rabid rat 3 centipedes 4 giant bats 4 orc zombies 7 dwarf zombies a wererat 3 werejackals 5 iguanas 6 killer bees an acid blob 8 hobbits 2 manes 2 large kobolds 14 hobgoblins 10 giant rats 13 cave spiders 3 brown molds 2 yellow molds a green mold a red mold 73 gnomes 3 garter snakes 2 gnome zombies 9 geckos 12 jackals a fox 2 kobolds 7 goblins 7 sewer rats 4 grid bugs 8 lichens 4 kobold zombies 4 newts 477 creatures vanquished. Voluntary challenges: You pretended to be a vegetarian. You used a wielded weapon 2 times. You read items or engraved 305 times. You put on armor 36 times. You never genocided any monsters. You never polymorphed an object. You never changed form. You used no wishes. You wrote Elbereth's name 172 times. You never encountered a bones level. You used 3 Sokoban shortcuts. Dungeon overview: The Dungeons of Doom: levels 1 to 14 Level 1 a long staircase Level 2 some fountains Level 3 a general store, a fountain Level 4 a general store stairs to The Gnomish Mines Level 5 many fountains Level 6 stairs to Sokoban Level 7 stairs to Town Level 8 some fountains Level 9 a fountain Level 10 a fountain, a throne Level 11 some fountains portal to The Quest Level 12 a fountain Level 13 a fountain, a throne Level 14 a fountain The Gnomish Mines: levels 5 to 13 Level 5 stairs to The Dungeons of Doom Level 7 many shops, a temple, a magic chest, some fountains Level 13 <- You were here some fountains The Quest: Level 1 portal to The Dungeons of Doom Sokoban: levels 3 to 5 Level 5 a magic chest stairs to The Dungeons of Doom Town: Level 6 stairs to The Dungeons of Doom History has recorded: On T:1 you entered the Dungeons of Doom to retrieve the Amulet of Yendor! On T:169 you reached level 2 of The Dungeons of Doom. On T:457 you advanced to experience level 2. On T:467 you reached level 3 of The Dungeons of Doom. On T:500 you advanced to experience level 3. On T:729 you advanced to experience level 4. On T:834 you reached level 4 of The Dungeons of Doom. On T:851 you reached level 1 of The Gnomish Mines. On T:985 you advanced to experience level 5. On T:1387 you advanced to experience level 6. On T:1490 you reached level 2 of The Gnomish Mines. On T:1530 you reached level 3 of The Gnomish Mines. On T:1577 you advanced to experience level 7. On T:2211 you reached level 5 of The Dungeons of Doom. On T:2286 you advanced to experience level 8. On T:2677 you reached level 6 of The Dungeons of Doom. On T:3157 you reached level 4 of The Gnomish Mines. On T:3201 you reached level 5 of The Gnomish Mines. On T:3214 you reached level 6 of The Gnomish Mines. On T:3474 you advanced to experience level 9. On T:3839 you reached level 3 of Sokoban. On T:4488 you reached level 2 of Sokoban. On T:5465 you reached level 7 of The Dungeons of Doom. On T:5867 you reached level 8 of The Dungeons of Doom. On T:5918 you reached level 3 of Town. On T:6088 you reached level 9 of The Dungeons of Doom. On T:6856 you reached level 10 of The Dungeons of Doom. On T:7459 you reached level 11 of The Dungeons of Doom. On T:7497 you advanced to experience level 10. On T:7644 you reached level 12 of The Dungeons of Doom. On T:7889 you reached level 13 of The Dungeons of Doom. On T:8072 you reached level 1 of The Quest. On T:9125 you reached level 14 of The Dungeons of Doom. On T:10423 you advanced to experience level 11. On T:10436 you reached level 7 of The Gnomish Mines. On T:10444 you reached level 8 of The Gnomish Mines. On T:10755 you reached level 9 of The Gnomish Mines. On T:11670 you reached level 1 of Sokoban. Latest messages: You kill the dwarf! There are several objects here. v - a dwarvish cloak. You see here a prize cloak of magic resistance. You hit the floating eye! You are frozen by the floating eye's gaze! The ogre king is hit by a rock! The ogre king picks up a stone. The ogre king wields a double-headed axe! The ogre king swings his double-headed axe. The ogre king hits! The ogre king swings his double-headed axe. The ogre king hits! The ogre king swings his double-headed axe. The ogre king hits! The ogre king swings his double-headed axe. The ogre king hits! The ogre king swings his double-headed axe. The ogre king hits! The ogre king swings his double-headed axe. The ogre king hits! You die... Final status: Punardarsanaya monkhack the Monk... You died in The Gnomish Mines on dungeon level 13 with 27710 points, and 663 pieces of gold, after 14539 moves. You were level 11 with a maximum of 79 hit points when you died.